 Dungeon Crawl Stone Soup version 0.24.0-13-gcf9b319 (webtiles) character file.

Game seed: 14057116603323907658, levelgen mode: deterministic

1710 silenth the Reanimator (level 8, -6/54 HPs)
             Began as a Mummy Necromancer on Jan 21, 2020.
             Mangled by Prince Ribbit (12 damage)
             ... on level 7 of the Dungeon.
             The game lasted 00:07:37 (7368 turns).

silenth the Reanimator (Mummy Necromancer)          Turns: 7368, Time: 00:07:38

Health: -6/54      AC:  7    Str: 11    XL:     8   Next: 74%
Magic:  13/19      EV: 17    Int: 17    God:
Gold:   326        SH:  0    Dex: 15    Spells: 13/22 levels left

rFire    x . .     SeeInvis .   k - +2 dagger (drain)
rCold    + . .     Gourm    .   (no shield)
rNeg     + + +     Faith    .   a - +0 robe
rPois    ∞         Spirit   .   (no helmet)
rElec    .         Reflect  .   m - +2 cloak {rPois}
rCorr    .         Harm     .   (no gloves)
MR       +....                  h - +1 pair of boots
Stlth    ++........             (no amulet)
HPRegen  0.18/turn              l - +4 ring of evasion
MPRegen  0.16/turn              n - +3 ring of dexterity

@: no status effects
A: no food or potions, fire vulnerability, cold resistance 1, negative energy
resistance 3, torment resistance, unbreathing
a: no special abilities


You were on level 7 of the Dungeon.
You were not hungry.

You visited 1 branch of the dungeon, and saw 7 of its levels.
You also visited: Sewer.

You collected 326 gold pieces.

Inventory:

Hand Weapons
 c - a +0 dagger
 k - a +2 dagger of draining (weapon)
Armour
 a - a +0 robe (worn)
 h - a +1 pair of boots (worn)
 m - a +2 cloak of poison resistance (worn)
Jewellery
 l - a +4 ring of evasion (left hand)
 n - a +3 ring of dexterity (right hand)
Wands
 d - a wand of random effects (12)
 j - a wand of polymorph (3)
Scrolls
 b - 2 scrolls of teleportation
 e - a scroll of enchant weapon
 f - 2 scrolls of magic mapping
 i - 7 scrolls of identify
 o - a scroll of immolation
 r - 4 scrolls of remove curse


   Skills:
 + Level 1.6 Fighting
 + Level 2.2 Dodging
 + Level 2.3 Stealth
 + Level 7.6 Spellcasting
 * Level 9.5 Necromancy
 + Level 1.3 Evocations


You had 13 spell levels left.
You knew the following spells:

 Your Spells              Type           Power        Failure   Level  Hunger
a - Pain                  Necr           ####         1%          1    N/A
b - Animate Skeleton      Necr           N/A          1%          1    N/A
c - Vampiric Draining     Necr           #####.....   1%          3    N/A
d - Animate Dead          Necr           N/A          2%          4    N/A

Your spell library contained the following spells:

 Spells                   Type           Power        Failure   Level  Hunger
 Apportation              Tloc           #.....       11%         1    N/A
 Confusing Touch          Hex            #.....       11%         1    N/A
 Summon Small Mammal      Summ           #...         11%         1    N/A
 Regeneration             Chrm/Necr      Unusable     N/A         3    N/A

Dungeon Overview and Level Annotations

Branches:
Dungeon (7/15)              Sewer (visited)
 Temple: D:4-7

Altars:
Gozag
Nemelex Xobeh
Uskayaw
Vehumet
Wu Jian
Xom
Zin
The Shining One

Shops:
D:4 :

Annotations:
D:6 exclusion: statue
D:7 Prince Ribbit


Innate Abilities, Weirdness & Mutations

You do not eat or drink.
Your flesh is vulnerable to fire.
You are immune to poison.
Your flesh is cold resistant. (rC+)
You are immune to negative energy. (rN+++)
You are immune to unholy pain and torment.
You can survive without breathing.


Message History

Casting: Animate Dead (safe; 2% risk of failure)
Confirm with . or Enter, or press ? or * to list all spells.
Aiming: Vampiric Draining (safe; 1% risk of failure)
Press: ? - help, Shift-Dir - straight line, f - Prince Ribbit
Aim: Prince Ribbit (moderately wounded, lightly drained) Prince Ribbit is heavily wounded.
You feel life coursing into your body. Prince Ribbit hits you!
* * * LOW HITPOINT WARNING * * *
Prince Ribbit hits you!
* * * LOW HITPOINT WARNING * * *
Casting: Vampiric Draining (safe; 1% risk of failure)
Confirm with . or Enter, or press ? or * to list all spells.
Aiming: Vampiric Draining (safe; 1% risk of failure)
Press: ? - help, Shift-Dir - straight line, f/p - Prince Ribbit
Aim: Prince Ribbit (heavily wounded, lightly drained) Prince Ribbit is severely wounded.
You feel life coursing into your body.
Prince Ribbit hops awkwardly around.
Prince Ribbit hits you!
You die...

...#...#... ..#
..#...#...# ...
.......... ..#
.........###.##..
#................
.#.........$.#.
#......s#.....
#..####F# .<#.
#......@# ...
.......#.# ..
####....... .
#..#.#..#
#..#.#.>. #. #
.O.## # #..# #...


You could see Prince Ribbit, an ogre and a giant cockroach.

Vanquished Creatures
  3 yaks
  Purgy (Sewer)
  A black bear (D:6)
  2 centaurs (D:6)
  2 bullfrogs (D:6)
  A scorpion (D:6)
  A jelly (D:7)
  A hound (D:4)
  Crazy Yiuf (D:4)
  An orc wizard (D:3)
  4 worker ants
  A worker ant zombie (D:6)
  9 adders
  A shadow imp (D:6)
  3 oozes
  A worm (D:3)
  5 leopard geckos
  7 orcs
  3 ball pythons
  8 giant cockroaches
  6 goblins
  2 hobgoblins
  13 jackals
  5 bats
  7 frilled lizards
  A jackal skeleton (D:4)
  6 kobolds
  A leopard gecko skeleton (D:4)
  4 rats
101 creatures vanquished.

Vanquished Creatures (collateral kills)
  Grinder (D:6)
  Menkaure (D:6)
  A bullfrog (D:6)
  A scorpion (D:5)
  A crimson imp (D:6)
  A bullfrog skeleton (D:6)
  A worker ant (D:6)
  An adder (D:6)
  A howler monkey skeleton (D:4)
  A worm (D:4)
  A quokka (D:6)
11 creatures vanquished.

Vanquished Creatures (others)
  A howler monkey (D:6)
  2 hounds (D:6)
  An iguana (D:6)
4 creatures vanquished.

Grand Total: 116 creatures vanquished

Notes
Turn   | Place    | Note
-------+----------+-------------------------------------------
     0 | D:1      | silenth the Mummy Necromancer began the quest for the Orb.
     0 | D:1      | Reached XP level 1. HP: 13/13 MP: 4/4
   152 | D:1      | Learned a level 1 spell: Animate Skeleton
   161 | D:1      | Reached skill level 3 in Spellcasting
   231 | D:1      | Reached XP level 2. HP: 19/19 MP: 4/6
  1158 | D:2      | Reached XP level 3. HP: 24/24 MP: 5/7
  1317 | D:2      | Learned a level 3 spell: Vampiric Draining
  2107 | D:3      | Reached skill level 5 in Necromancy
  2281 | D:3      | Found a glowing golden altar of the Shining One.
  2290 | D:3      | Reached XP level 4. HP: 30/30 MP: 6/9
  2542 | D:3      | Reached skill level 4 in Spellcasting
  2731 | D:3      | Learned a level 4 spell: Animate Dead
  2969 | D:3      | Found a hide-covered altar of Uskayaw.
  3302 | D:4      | Reached XP level 5. HP: 35/35 MP: 2/11
  3376 | D:4      | Found a sparkling altar of Nemelex Xobeh.
  3562 | D:4      | Found an opulent altar of Gozag.
  3647 | D:4      | Found a glowing silver altar of Zin.
  3693 | D:4      | Reached skill level 6 in Necromancy
  3953 | D:4      | Found Zior's Book Shoppe.
  4006 | D:4      | Found an ornate altar of the Wu Jian Council.
  4112 | D:4      | Found a runed translucent door.
  4113 | D:4      | Noticed Crazy Yiuf
  4200 | D:4      | Killed Crazy Yiuf
  4338 | D:5      | Entered Level 5 of the Dungeon
  4618 | D:5      | Reached XP level 6. HP: 33/41 MP: 4/13
  4934 | D:5      | Found a glowing drain.
  4939 | Sewer    | Entered a sewer
  4952 | Sewer    | Noticed Purgy
  4965 | Sewer    | Killed Purgy
  4965 | Sewer    | Reached skill level 5 in Spellcasting
  5353 | D:6      | Noticed a yak
  5354 | D:6      | Noticed a yak
  5356 | D:6      | Noticed a yak
  5374 | D:6      | Killed a yak
  5374 | D:6      | Reached skill level 7 in Necromancy
  5374 | D:6      | Reached XP level 7. HP: 32/46 MP: 1/15
  5402 | D:6      | Found a radiant altar of Vehumet.
  5453 | D:5      | Killed a yak
  5453 | D:5      | Reached skill level 6 in Spellcasting
  5667 | D:6      | Reached skill level 8 in Necromancy
  5785 | D:6      | Found a shimmering altar of Xom.
  5964 | D:6      | Reached XP level 8. HP: 50/52 MP: 18/18
  5981 | D:6      | Reached skill level 7 in Spellcasting
  6019 | D:6      | Noticed Grinder
  6020 | D:6      | Paralysed by Grinder for 3 turns
  6053 | D:6      | Killed Grinder
  6053 | D:6      | Reached skill level 9 in Necromancy
  6856 | D:6      | Reached skill level 2 in Stealth
  6969 | D:6      | Reached skill level 1 in Fighting
  6969 | D:6      | Reached skill level 2 in Dodging
  7002 | D:6      | Reached skill level 1 in Evocations
  7110 | D:6      | Noticed Menkaure
  7117 | D:6      | Killed Menkaure
  7336 | D:7      | Noticed Prince Ribbit
  7367 | D:7      | HP: 2/54 [Prince Ribbit (7)]
  7368 | D:7      | Mangled by Prince Ribbit

Levels and vault maps discovered:
D:1:      dpeg_arrival_lava_temple_mockup, layout_loops_ring,
          chequers_serial_rivers_micro_c
D:2:      layout_loops_corners, minmay_worlds_worst_comb
D:3:      layout_loops_corners, tso_oasis_becter, lemuel_round_altar
D:4:      layout_cave_pools, zin_statuary, lemuel_crystal_altar,
          lemuel_coloured_pillars_altar, serial_shops, kennysheep_mini,
          grunt_gozag_breadcrumbs, uniq_crazy_yiuf_cottage
D:5:      layout_loops_ring, first_ration, portal_sewer_entry_e
D:6:      nicolae_whirlpool, layout_gridville, xom_confusion_cloud,
          vehumet_statue, uniq_grinder, uniq_menkaure
D:7:      cheibrodos_fzero, layout_basic, kennysheep_mini_moat,
          minmay_temple_entry_tees, basic_altar, uniq_prince_ribbit1

Skill      XL: |  1  2  3  4  5  6  7  8 |
---------------+-------------------------+-----
Spellcasting   | 3 4 5 6 7 |  7.6
Necromancy     | 5 6 7 8 9 |  9.5
Stealth        | 2 |  2.3
Fighting       | 1 |  1.6
Dodging        | 2 |  2.2
Evocations     | 1 |  1.3

Action                   |  1- 3 |  4- 6 |  7- 9 || total
-------------------------+-------+-------+-------++-------
Melee: Dagger            |    45 |    95 |   161 ||   301
       Unarmed           |     2 |       |       ||     2
 Cast: Pain              |    66 |    70 |    14 ||   150
       Animate Skeleton  |     4 |     2 |       ||     6
       Animate Dead      |       |     4 |     5 ||     9
       Vampiric Draining |       |     9 |    12 ||    21
Evoke: Wand              |       |       |     1 ||     1
  Use: Scroll            |       |     8 |     1 ||     9
 Stab: Sleeping          |     3 |     2 |     1 ||     6
       Distracted        |       |     1 |     1 ||     2
Armor: Robe              |    13 |    33 |    28 ||    74
Dodge: Dodged            |    59 |   108 |   172 ||   339
